 Dungeon Crawl Stone Soup version 0.27-a0-343-gfcad680f63 (webtiles) character file.

Game seed: 2868891008167615122

1437 tilp the Insei (level 8, -17/54 HPs)
             Began as an Octopode Transmuter on Feb 14, 2021.
             Demolished by Joseph
             ... wielding a +3 quarterstaff
              (20 damage)
             ... on level 7 of the Dungeon.
             The game lasted 00:13:49 (9542 turns).

tilp the Insei (Octopode Transmuter)                Turns: 9542, Time: 00:13:49

Health: -17/54     AC:  1    Str:  9    XL:     8   Next: 74%
Magic:  0/14       EV: 13    Int: 17    God:
Gold:   515        SH:  0    Dex: 13    Spells: 9/15 levels left

rFire    . . .     SeeInvis .     - Unarmed
rCold    . . .     Faith    .   (no shield)
rNeg     . . .     Spirit   +   (helmet currently unavailable)
rPois    .         Reflect  .   A - amulet of guardian spirit
rElec    .         Harm     .   a - ring of flight
rCorr    .         Rampage  .   (no ring)
Will     .....                  (no ring)
Stlth    +++.......             (no ring)
HPRegen  0.18/turn              (no ring)
MPRegen  0.14/turn              (no ring)
                                (no ring)
                                (no ring)

@: appendages
A: almost no armour, stealthy swim, amphibious, 8 rings, constrict 8, tentacle
spike 3, camouflage 1, gelatinous body 1
a: End Transformation, Evoke Flight


You were on level 7 of the Dungeon.
One of your tentacles had a temporary spike.
You visited 2 branches of the dungeon, and saw 8 of its levels.
You also visited: Ossuary.

You collected 515 gold pieces.

Inventory:

Missiles
 j - 3 boomerangs
 z - 22 poisoned darts (quivered)
Armour
 g - a +0 kite shield
Jewellery
 a - a ring of flight (left tentacle)
 o - an amulet of faith
 A - an amulet of guardian spirit (around mantle)
Wands
 f - a wand of flame (19)
 D - a wand of mindburst (7)
Scrolls
 d - a scroll of fog
 e - a scroll of blinking {unknown}
 k - 4 scrolls of teleportation
 m - a scroll of silence {unknown}
 p - a scroll of vulnerability {unknown}
 t - a scroll of amnesia
 y - a scroll of noise {unknown}
 B - a scroll of magic mapping
 C - a scroll of enchant armour {unknown}
Potions
 b - 3 potions of invisibility
 c - 4 potions of attraction
 h - 6 potions of curing
 i - 2 potions of might
 l - 2 potions of haste
 n - 2 potions of lignification {unknown}
 r - a potion of mutation {unknown}
 s - a potion of berserk rage {unknown}
 u - a potion of magic {unknown}
 v - 2 potions of flight {unknown}
 w - a potion of brilliance {unknown}
 x - 2 potions of cancellation {unknown}


   Skills:
 - Level 4.0 Fighting
 - Level 2.0 Dodging
 - Level 4.0 Stealth
 - Level 6.0 Unarmed Combat
 - Level 4.0 Spellcasting
 - Level 6.0 Transmutations
 - Level 2.0 Poison Magic
 + Level 2.6 Evocations


You had 9 spell levels left.
You knew the following spells:

 Your Spells              Type           Power        Failure   Level
a - Beastly Appendage     Tmut           46%          1%          1
b - Wereblood             Tmut           23%          1%          2
c - Spider Form           Tmut/Pois      8%           9%          3

Your spell library contained the following spells:

 Spells                   Type           Power        Failure   Level
 Blade Hands              Tmut           11%          36%         5
 Ice Form                 Ice/Tmut       13%          41%         4


Dungeon Overview and Level Annotations

Branches:
Dungeon (7/15)             Temple (1/1) D:6         Ossuary (visited)

Altars:
Ashenzari
Cheibriados
Dithmenos
Elyvilon
Fedhas
Hepliaklqana
Kikubaaqudgha
Nemelex Xobeh
Okawaru
Qazlal
Trog
Uskayaw
Vehumet
Wu Jian
Xom
Yredelemnul
Zin
The Shining One

Shops:
D:6 [

Annotations:
D:3 Terence
D:4 exclusion: giant cockroach, Blork the orc, Edmund
D:5 exclusion: hornet
D:6 exclusion: sky beast
D:7 Joseph


Innate Abilities, Weirdness & Mutations

You cannot wear most types of armour.
You are very stealthy in the water. (Stealth+)
You are amphibious.
You can wear up to eight rings at the same time.
You can use your tentacles to constrict eight enemies at once.
Your skin changes colour to match your surroundings (Stealth+).
Your rubbery body absorbs attacks. (AC +1, EV +1)
One of your tentacles bears a large vicious spike.


Message History

You tentacle-slap Joseph but do no damage.
Joseph is moderately wounded.
You constrict Joseph. Joseph hits you with a +3 quarterstaff!
You tentacle-slap Joseph.
You pierce Joseph.
Joseph is heavily wounded.
You constrict Joseph, but do no damage. Joseph misses you.
You tentacle-slap Joseph.
You pierce Joseph, but do no damage.
Joseph is heavily wounded.
You constrict Joseph, but do no damage.
You tentacle-slap Joseph but do no damage.
You pierce Joseph, but do no damage.
You squeeze Joseph.
Joseph is heavily wounded.
You constrict Joseph. Joseph closely misses you.
You tentacle-slap Joseph.
Joseph is heavily wounded.
You constrict Joseph. Joseph barely misses you.
You barely miss Joseph.
Joseph is severely wounded.
You constrict Joseph, but do no damage. Joseph barely misses you.
You tentacle-slap Joseph but do no damage.
You tentacle-slap Joseph, but do no damage.
Joseph is severely wounded.
You constrict Joseph. Joseph hits you with a +3 quarterstaff!
* * * LOW HITPOINT WARNING * * *
You tentacle-slap Joseph.
Joseph is severely wounded.
You constrict Joseph. You tentacle-slap Joseph. You squeeze Joseph.
Joseph is almost dead.
You constrict Joseph.
Joseph drinks a potion.
Joseph is healed!
You tentacle-slap Joseph.
Joseph is severely wounded.
You constrict Joseph.
Joseph hits you with a +3 quarterstaff!!
* * * LOW HITPOINT WARNING * * *
You tentacle-slap Joseph. You squeeze Joseph.
Joseph is almost dead.
You constrict Joseph.
Joseph hits you with a +3 quarterstaff!!
You die...

#. ..# #.##. ###.# ....
...##### # ... ... ..#
#.##.####.# #.#
..^.....).###.#######.#
#####..................#
...........#######.###.#
.......@..!# #.#
######@###.# #.#####
###. #.# #...... . ....
#.# #)##### #@ .[## #.#
#.# .## #.# #.#######.#
# ...#(# #.........# ###
#..#.#(# ##.######## #..
#.....# #.# ######.#


You could see Joseph.

Vanquished Creatures
  A sky beast (D:6)
  A centaur (D:6)
  2 ogres
  A kobold brigand (D:7)
  2 bullfrogs (D:6)
  2 scorpions (D:6)
  A quasit (D:5)
  2 hounds (D:4)
  A jelly (D:6)
  5 iguanas
  3 orc wizards (D:7)
  5 worker ants
  A hound zombie (D:7)
  9 mummies
  2 gnolls
  5 adders
  A shadow imp (D:6)
  3 white imps
  An ufetubus (D:6)
  An adder skeleton (D:6)
  3 worms
  4 dart slugs
  A leopard gecko (D:1)
  8 orcs
  9 bats
  3 giant cockroaches
  A gnoll zombie (Ossuary)
  11 hobgoblins
  11 jackals
  7 kobolds
  2 quokkas (D:2)
  6 frilled lizards
  11 goblins
  A goblin zombie (D:4)
  5 hobgoblin zombies
  A kobold zombie (Ossuary)
  A leopard gecko skeleton (D:4)
  2 orc zombies (Ossuary)
  7 rats
  A rat zombie (D:6)
144 creatures vanquished.

Notes
Turn   | Place    | Note
-------+----------+-------------------------------------------
     0 | D:1      | tilp the Octopode Transmuter began the quest for the Orb.
     0 | D:1      | Reached XP level 1. HP: 13/13 MP: 3/3
    59 | D:1      | Reached skill level 1 in Stealth
   293 | D:1      | Reached XP level 2. HP: 10/18 MP: 3/5
   296 | D:1      | Learned a level 2 spell: Wereblood
   590 | D:1      | You fall into a shaft and drop 1 floor!
   599 | D:2      | Reached XP level 3. HP: 11/23 MP: 2/6
   616 | D:2      | HP: 1/23 [frilled lizard (2)]
  1165 | D:1      | Reached XP level 4. HP: 13/29 MP: 5/7
  2310 | D:3      | Noticed Terence
  2918 | D:3      | Found a stormy altar of Qazlal.
  3444 | D:3      | Reached XP level 5. HP: 34/34 MP: 6/8
  3615 | D:4      | Found a sand-covered staircase.
  3683 | Ossuary  | Entered an ossuary
  3721 | Ossuary  | Reached skill level 5 in Unarmed Combat
  4127 | Ossuary  | Reached XP level 6. HP: 39/39 MP: 7/9
  4512 | D:4      | Found a broken altar of Ashenzari.
  4770 | D:4      | HP: 1/39 [iguana (12)]
  5218 | D:4      | Reached XP level 7. HP: 32/46 MP: 5/10
  5319 | D:4      | Found a radiant altar of Vehumet.
  5530 | D:4      | Noticed Blork the orc
  5598 | D:4      | Noticed Edmund
  5745 | D:5      | Entered Level 5 of the Dungeon
  6493 | D:5      | Noticed a hornet
  7243 | D:5      | Found a glowing silver altar of Zin.
  7243 | D:5      | Noticed an angel
  7317 | D:6      | Learned a level 3 spell: Spider Form
  7454 | D:6      | Found an ancient bone altar of Kikubaaqudgha.
  7580 | D:6      | Reached XP level 8. HP: 27/54 MP: 2/12
  7817 | D:6      | Found a bloodstained altar of Trog.
  7933 | D:6      | Reached skill level 5 in Transmutations
  8193 | D:6      | Found an ancient bone altar of Kikubaaqudgha.
  8254 | D:6      | Found a staircase to the Ecumenical Temple.
  8265 | Temple   | Entered the Ecumenical Temple
  8520 | D:6      | Found Qishysyjue's Armour Shop.
  9262 | D:7      | Reached skill level 1 in Poison Magic
  9351 | D:7      | Reached skill level 1 in Evocations
  9415 | D:7      | Noticed Joseph
  9542 | D:7      | Demolished by Joseph

Illustrated notes

Levels and vault maps discovered:
D:1:      dpeg_arrival_fog, layout_rooms, hangedman_feature_mirror
D:2:      layout_basic, minmay_pentomino_w4
D:3:      layout_loops_corners, old_standard_altar, uniq_terence
D:4:      layout_basic, nicolae_overflow_crystal_walls, fiery_altar_vehumet,
          nicolae_ossuary_entry_giza, uniq_edmund, uniq_blork_the_orc
D:5:      layout_layer_cave, zin_angel, amcnicky_mini_rare_corridor_liquid
D:6:      layout_loops_ring, lemuel_zombie_altar_kikubaaqudgha, temple_hall,
          basic_altar, serial_shops, shop_fountains, trog_three_pillars_becter
D:7:      layout_loops_ring, uniq_joseph
Temple:   dshaligram_water_room_temple

Skill      XL: |  1  2  3  4  5  6  7  8 |
---------------+-------------------------+-----
Stealth        | 2 3 4 |  4.0
Fighting       | 2 3 4 |  4.0
Unarmed Combat | 4 5 6 |  6.0
Transmutations | 4 6 |  6.0
Spellcasting   | 3 4 |  4.0
Poison Magic   | 2 |  2.0
Evocations     | 2 |  2.6
Dodging        | |  2.0

Action                   |  1- 3 |  4- 6 |  7- 9 || total
-------------------------+-------+-------+-------++-------
Melee: Unarmed           |    66 |   150 |   196 ||   412
       Kick              |    10 |    37 |    54 ||   101
       Constrict         |    17 |    42 |    31 ||    90
       Tentacles         |     8 |    26 |    27 ||    61
       Punch             |       |     9 |     9 ||    18
Throw: Boomerang         |     1 |    43 |     7 ||    51
       Dart              |       |       |    28 ||    28
       Throwing net      |       |       |     1 ||     1
 Cast: Beastly Appendage |    10 |    29 |    32 ||    71
       Wereblood         |     4 |    10 |     3 ||    17
  Use: Scroll            |       |    11 |     3 ||    14
       Potion            |       |     1 |     2 ||     3
 Stab: Sleeping          |     3 |    11 |     7 ||    21
Armor: Skin              |     5 |     3 |     8 ||    16
Dodge: Dodged            |    30 |    83 |   117 ||   230

Table legend: (Time is in decaauts)
 A = Elapsed time spent in this place.
 B = Non-inter-level travel time spent in this place.
 C = Inter-level travel time spent in this place.
 D = Time resting spent in this place.
 E = Time spent auto-exploring this place.
 F = Levels seen in this place.
 G = Mean time per level.
                   A        B        C        D        E       F      G
               +--------+--------+--------+--------+--------+-----+--------+
         Total |   9529 |   9190 |    339 |   2455 |   5430 |   9 | 1058.8 |
       Dungeon |   8740 |   8414 |    326 |   2044 |   5241 |   7 | 1248.6 |
        Temple |     93 |     80 |     13 |      0 |     68 |   1 |   93.0 |
       Ossuary |    695 |    695 |      0 |    411 |    121 |   1 |  695.0 |
               +--------+--------+--------+--------+--------+-----+--------+

Top non-repeatable levels by time:
     D:4: 1744 daAuts
     D:6: 1654 daAuts
     D:5: 1285 daAuts
     D:3: 1281 daAuts
     D:2: 1166 daAuts
     D:1: 1107 daAuts
 Ossuary: 695 daAuts
     D:7: 500 daAuts
  Temple: 93 daAuts
